 Dungeon Crawl Stone Soup version 0.23.2-11-gf996548c65 (webtiles) character file.

Game seed: 12405787408047996599

0 MalarOregon the Grave Robber (level 1, 0/14 HPs)
             Began as a Ghoul Necromancer on June 4, 2019.
             Slain by a leopard gecko (1 damage)
             ... on level 1 of the Dungeon.
             The game lasted 00:00:16 (46 turns).

MalarOregon the Grave Robber (Ghoul Necromancer)      Turns: 46, Time: 00:00:16

Health: 0/14       AC:  2    Str: 11    XL:     1   Next: 10%
Magic:  0/2        EV: 12    Int: 10    God:
Gold:   0          SH:  0    Dex:  9    Spells: 2/3 levels left

rFire    . . .     SeeInvis .   (no weapon)
rCold    + . .     Gourm    .   (no shield)
rNeg     + + +     Faith    .   a - +0 robe
rPois    ∞         Spirit   .   (no helmet)
rElec    .         Reflect  .   (no cloak)
rCorr    .         Harm     .   (no gloves)
MR       .....                  (no boots)
Stlth    ++........             (no amulet)
HPRegen  0.00/turn              (no ring)
MPRegen  0.08/turn              (no ring)

@: rotting
A: rotting body, claws 1, carnivore, cold resistance 1, negative energy
resistance 3, inhibited regeneration, torment resistance, unbreathing
a: no special abilities


You were on level 1 of the Dungeon.
You were not hungry.

You visited 1 branch of the dungeon, and saw 1 of its levels.

Inventory:

Armour
 a - a +0 robe (worn)
Comestibles
 e - a ration {!d}


   Skills:
 + Level 1.7 Dodging
 + Level 2.2 Stealth
 + Level 1.7 Spellcasting
 + Level 4.0 Necromancy


You had 2 spell levels left.
You knew the following spells:

 Your Spells              Type           Power        Failure   Level  Hunger
a - Pain                  Necr           #...         6%          1    ##.....

Your spell library contained the following spells:

 Spells                   Type           Power        Failure   Level  Hunger
 Animate Skeleton         Necr           N/A          6%          1    ##.....
 Vampiric Draining        Necr           #.........   19%         3    ####...
 Regeneration             Chrm/Necr      #.........   38%         3    ####...
 Animate Dead             Necr           N/A          52%         4    #####..


Dungeon Overview and Level Annotations

Branches:
Dungeon (1/15)

Altars:


Innate Abilities, Weirdness & Mutations

Your body is rotting away.
You thrive on raw meat.
You are immune to poison.
You have sharp fingernails.
You are carnivorous and can eat meat at any time.
Your flesh is cold resistant. (rC+)
You are immune to negative energy. (rN+++)
You do not regenerate when monsters are visible.
You are immune to unholy pain and torment.
You can survive without breathing.


Message History

e - a ration Welcome, MalarOregon the Ghoul Necromancer.
The bosom of this dungeon contains the fabled artefact, the Orb of Zot.
Found a staircase leading out of the dungeon.
You enter the shallow water.
Moving in this stuff is going to be slow.
You enter the shallow water.
Moving in this stuff is going to be slow.
A kobold comes into view.
The kobold shouts!
The kobold throws a stone.
The stone hits you but does no damage.
You see here a stone.
You enter the shallow water.
Moving in this stuff is going to be slow.
The kobold throws a stone.
The stone closely misses you.
The kobold throws a stone.
The stone barely misses you.
Aim: a kobold (chance to defeat MR: 73%)
The kobold writhes in agony.
You kill the kobold!
Found a leather armour.
A leopard gecko comes into view.
Found a scroll labeled REUKUSTIZURGH and 23 stones.
You can't see any susceptible monsters within range! (Use Z to cast anyway.) Unknown command.
The leopard gecko hisses angrily.
Aim: a leopard gecko (chance to defeat MR: 73%)
The leopard gecko writhes in agony.
A leopard gecko comes into view.
Aim: a leopard gecko (almost dead, clinging, chance to defeat MR: 73%)
The leopard gecko struggles to resist.
The leopard gecko bites you.
Found 6 gold pieces.
You scratch the leopard gecko but do no damage.
The leopard gecko closely misses you.
You barely miss the leopard gecko. The leopard gecko closely misses you.
The leopard gecko bites you.
You closely miss the leopard gecko. The leopard gecko barely misses you.
The leopard gecko bites you.
* * * LOW HITPOINT WARNING * * *
The leopard gecko misses you.
The leopard gecko hisses menacingly.
You barely miss the leopard gecko. The leopard gecko closely misses you.
The leopard gecko bites you.
* * * LOW HITPOINT WARNING * * *
You barely miss the leopard gecko. The leopard gecko bites you.
* * * LOW HITPOINT WARNING * * *
Aim: a leopard gecko (almost dead, clinging, chance to defeat MR: 73%)
The leopard gecko writhes in agony.
The leopard gecko bites you.
You die...

P≈........##....#
.≈..P.P..(≈...#.#
........(.....#.#
....≈..(.P...##.#
≈.≈P...≈..≈..##.#
P≈...P.P.≈..###.#
..≈.....##..# #.#
≈P≈.##≈≈##.##
#.##########..
≈≈# ≈≈# #.#
#.@ll...[....$
#####.........
#.........
#.........
#.........
#.........
#?.....(..
#.........


You could see 2 leopard geckos.

Vanquished Creatures
  A kobold (D:1)
1 creature vanquished.

Notes
Turn   | Place    | Note
-------+----------+-------------------------------------------
     0 | D:1      | MalarOregon the Ghoul Necromancer began the quest for the
                  | Orb.
     0 | D:1      | Reached XP level 1. HP: 14/14 MP: 2/2
    46 | D:1      | Slain by a leopard gecko

Action                   || total
-------------------------++-------
Melee: Unarmed           ||     5
 Cast: Pain              ||     4
Dodge: Dodged            ||     7
